| TOP OF THE 1ST |
|
Great Lakes Loons batting - Pitching for Hagerstown Suns : RHP Greg Hall
|
|
Pitching: RHP Greg Hall
|
|
|
Batting: RHB Pablo Lopez
|
0-0: Ball 1-0: Called Strike 1-1: Ball 2-1: Called Strike 2-2: Ground out 2-3 (Groundball, 13S, EV 61.2 MPH)
|
|
Batting: SHB Josh Vaill
|
0-0: Ball 1-0: SINGLE (Groundball, 3D, EV 105.0 MPH)
|
|
Batting: RHB Jonathan Kirsch
|
0-0: Called Strike 0-1: Grounds into double play, 5-4-3 (Groundball, 56D, EV 90.0 MPH)
|
| Top of the 1st over - 0 runs, 1 hit, 0 errors, 0 left on base; Great Lakes 0 - Hagerstown 0 |
| BOTTOM OF THE 1ST |
|
Hagerstown Suns batting - Pitching for Great Lakes Loons : RHP Sergio Quinones
|
|
Pitching: RHP Sergio Quinones
|
|
|
Batting: RHB Taffounnout Kame
|
0-0: Swinging Strike 0-1: Ball 1-1: Ball 2-1: Swinging Strike 2-2: Ground out 5-3 (Groundball, 5S, EV 70.6 MPH)
|
|
Batting: RHB Aaron Bateman
|
0-0: Called Strike 0-1: Ball 1-1: Hit by Pitch
|
|
Batting: RHB Pat Scaturro
|
0-0: Called Strike 0-1: Called Strike 0-2: Strikes out swinging
|
|
Batting: RHB Roger Simmons
|
0-0: Ball 1-0: Foul Ball, location: 2F 1-1: Ball 2-1: Foul Ball, location: 2F 2-2: Fly out, F8 (Flyball, 8RM, EV 91.2 MPH)
|
| Bottom of the 1st over - 0 runs, 0 hits, 0 errors, 1 left on base; Great Lakes 0 - Hagerstown 0 |
| TOP OF THE 2ND |
|
Great Lakes Loons batting - Pitching for Hagerstown Suns : RHP Greg Hall
|
|
Batting: LHB Jim Jardine
|
0-0: Called Strike 0-1: Ball 1-1: Swinging Strike 1-2: Ball 2-2: Ball 3-2: Fly out, F9 (Flyball, 89S, EV 80.6 MPH)
|
|
Batting: RHB Eddie Perry
|
0-0: Ball 1-0: Fly out, F7 (Flyball, 7LSF, EV 88.1 MPH)
|
|
Batting: LHB Josh Moore
|
0-0: Ball 1-0: Foul Ball, location: 2F 1-1: Ball 2-1: SINGLE (Line Drive, 8RS, EV 93.1 MPH)
|
|
Batting: SHB Danny Jensen
|
0-0: Ball 1-0: Fly out, F7 (Flyball, 7LSF, EV 96.9 MPH)
|
| Top of the 2nd over - 0 runs, 1 hit, 0 errors, 1 left on base; Great Lakes 0 - Hagerstown 0 |
| BOTTOM OF THE 2ND |
|
Hagerstown Suns batting - Pitching for Great Lakes Loons : RHP Sergio Quinones
|
|
Batting: RHB Rudolph Lentz
|
0-0: Fly out, F7 (Flyball, 7, EV 74.4 MPH)
|
|
Batting: RHB Hun-hyeon Kym
|
0-0: Ball 1-0: Called Strike 1-1: Ball 2-1: Ball 3-1: Foul Ball, location: 2F 3-2: Fly out, F8 (Line Drive, 8LM, EV 103.1 MPH)
|
|
Batting: RHB Steve Kunselman
|
0-0: DOUBLE (Line Drive, 78XD, EV 104.4 MPH)
|
|
Batting: RHB Yok-sing Szema
|
0-0: Swinging Strike 0-1: Called Strike 0-2: Strikes out looking
|
| Bottom of the 2nd over - 0 runs, 1 hit, 0 errors, 1 left on base; Great Lakes 0 - Hagerstown 0 |
| TOP OF THE 3RD |
|
Great Lakes Loons batting - Pitching for Hagerstown Suns : RHP Greg Hall
|
|
Batting: SHB Hank Arias
|
0-0: Ball 1-0: Ground out 5-3 (Groundball, 25, EV 75.6 MPH)
|
|
Batting: LHB Ramon Vega
|
0-0: Ball 1-0: Swinging Strike 1-1: Foul Ball, location: 2F 1-2: Fly out, F1 (Line Drive, P, EV 68.8 MPH)
|
|
Batting: RHB Pablo Lopez
|
0-0: Ground out 4-3 (Groundball, 4, EV 81.2 MPH)
|
| Top of the 3rd over - 0 runs, 0 hits, 0 errors, 0 left on base; Great Lakes 0 - Hagerstown 0 |
| BOTTOM OF THE 3RD |
|
Hagerstown Suns batting - Pitching for Great Lakes Loons : RHP Sergio Quinones
|
|
Batting: SHB Fernando Fundora
|
0-0: Ball 1-0: Foul Ball, location: 2F 1-1: Ball 2-1: Ball 3-1: Foul Ball, location: 2F 3-2: Foul Ball, location: 2F 3-2: Foul Ball, location: 2F 3-2: Strikes out swinging
|
|
Batting: RHB Taffounnout Kame
|
0-0: Ball 1-0: Ball 2-0: Ball 3-0: Swinging Strike 3-1: Fly out, F9 (Flyball, 9LD, EV 90.0 MPH)
|
|
Batting: RHB Aaron Bateman
|
0-0: Called Strike 0-1: Called Strike 0-2: Ball 1-2: Foul Ball, location: 2F 1-2: Strikes out swinging
|
| Bottom of the 3rd over - 0 runs, 0 hits, 0 errors, 0 left on base; Great Lakes 0 - Hagerstown 0 |
| TOP OF THE 4TH |
|
Great Lakes Loons batting - Pitching for Hagerstown Suns : RHP Greg Hall
|
|
Batting: SHB Josh Vaill
|
0-0: Called Strike 0-1: Called Strike 0-2: Ball 1-2: Foul Ball, location: 2F 1-2: Ball 2-2: Foul Ball, location: 2F 2-2: Ground out 6-3 (Groundball, 6, EV 91.9 MPH)
|
|
Batting: RHB Jonathan Kirsch
|
0-0: Ball 1-0: Called Strike 1-1: Ball 2-1: Reached on error, E3 (Groundball, 34, EV 86.9 MPH)
|
|
Batting: LHB Jim Jardine
|
0-0: Ball 1-0: Swinging Strike 1-1: Ball 2-1: Ball 3-1: Foul Ball, location: 2F 3-2: Ground out 6-3 (Groundball, P, EV 94.4 MPH) Jonathan Kirsch to third
|
|
Batting: RHB Eddie Perry
|
0-0: Called Strike 0-1: Called Strike 0-2: Fly out, F9 (Flyball, 9, EV 86.2 MPH)
|
| Top of the 4th over - 0 runs, 0 hits, 1 error, 1 left on base; Great Lakes 0 - Hagerstown 0 |
| BOTTOM OF THE 4TH |
|
Hagerstown Suns batting - Pitching for Great Lakes Loons : RHP Sergio Quinones
|
|
Batting: RHB Pat Scaturro
|
0-0: Ball 1-0: Ball 2-0: Foul Ball, location: 2F 2-1: Ball 3-1: Swinging Strike 3-2: SINGLE (Groundball, 6D, EV 104.4 MPH)
|
|
Batting: RHB Roger Simmons
|
0-0: Ball 1-0: SINGLE (Line Drive, 89S, EV 95.6 MPH) Pat Scaturro to second
|
|
Batting: RHB Rudolph Lentz
|
0-0: Ball 1-0: Swinging Strike 1-1: Ball 2-1: Ground out 5-3 (Groundball, 56S, EV 63.1 MPH) Pat Scaturro to third Roger Simmons to second
|
|
Batting: RHB Hun-hyeon Kym
|
0-0: Swinging Strike 0-1: Ball 1-1: Fly out, F4 (Popup, 34, EV 56.9 MPH)
|
|
Batting: RHB Steve Kunselman
|
0-0: Ball 1-0: Foul Ball, location: 2F 1-1: Ball 2-1: Called Strike 2-2: Foul Ball, location: 2F 2-2: Strikes out swinging
|
| Bottom of the 4th over - 0 runs, 2 hits, 0 errors, 2 left on base; Great Lakes 0 - Hagerstown 0 |
| TOP OF THE 5TH |
|
Great Lakes Loons batting - Pitching for Hagerstown Suns : RHP Greg Hall
|
|
Batting: LHB Josh Moore
|
0-0: Swinging Strike 0-1: Swinging Strike 0-2: Foul Ball, location: 2F 0-2: Strikes out swinging
|
|
Batting: SHB Danny Jensen
|
0-0: Ball 1-0: Foul Ball, location: 2F 1-1: Foul Ball, location: 2F 1-2: Strikes out swinging
|
|
Batting: SHB Hank Arias
|
0-0: Fly out, F7 (Flyball, 7D, EV 102.5 MPH)
|
| Top of the 5th over - 0 runs, 0 hits, 0 errors, 0 left on base; Great Lakes 0 - Hagerstown 0 |
| BOTTOM OF THE 5TH |
|
Hagerstown Suns batting - Pitching for Great Lakes Loons : RHP Sergio Quinones
|
|
Batting: RHB Yok-sing Szema
|
0-0: Fly out, F9 (Line Drive, 89S, EV 101.9 MPH)
|
|
Batting: SHB Fernando Fundora
|
0-0: Ball 1-0: Ball 2-0: Foul Ball, location: 2F 2-1: Ball 3-1: Base on Balls
|
|
Batting: RHB Taffounnout Kame
|
0-0: Called Strike 0-1: Swinging Strike 0-2: Ball 1-2: Ball 2-2: Strikes out looking
|
|
Batting: RHB Aaron Bateman
|
0-0: Foul Ball, location: 2F 0-1: Foul Ball, location: 2F 0-2: Ball 1-2: Ground out 5-3 (Groundball, 56S, EV 76.2 MPH)
|
| Bottom of the 5th over - 0 runs, 0 hits, 0 errors, 1 left on base; Great Lakes 0 - Hagerstown 0 |
| TOP OF THE 6TH |
|
Great Lakes Loons batting - Pitching for Hagerstown Suns : RHP Greg Hall
|
|
Batting: LHB Ramon Vega
|
0-0: SINGLE (Line Drive, 7S, EV 96.9 MPH)
|
|
Batting: RHB Pablo Lopez
|
0-0: Called Strike 0-1: Foul Ball, location: 2F 0-2: Foul Ball, location: 2F 0-2: Fly out, F8 (Line Drive, 8LM, EV 98.8 MPH)
|
|
Batting: SHB Josh Vaill
|
0-0: Fly out, F8 (Flyball, 8RD, EV 99.4 MPH)
|
|
Batting: RHB Jonathan Kirsch
|
0-0: Ball Ramon Vega is caught stealing 2nd base 2-4
|
| Top of the 6th over - 0 runs, 1 hit, 0 errors, 0 left on base; Great Lakes 0 - Hagerstown 0 |
| BOTTOM OF THE 6TH |
|
Hagerstown Suns batting - Pitching for Great Lakes Loons : RHP Sergio Quinones
|
|
Batting: RHB Pat Scaturro
|
0-0: Called Strike 0-1: Foul Ball, location: 2F 0-2: Strikes out swinging
|
|
Batting: RHB Roger Simmons
|
0-0: Foul Ball, location: 2F 0-1: Swinging Strike 0-2: Foul Ball, location: 2F 0-2: Ground out 6-3 (Groundball, 6S, EV 75.6 MPH)
|
|
Batting: RHB Rudolph Lentz
|
0-0: Fly out, F1 (Line Drive, P, EV 65.6 MPH)
|
| Bottom of the 6th over - 0 runs, 0 hits, 0 errors, 0 left on base; Great Lakes 0 - Hagerstown 0 |
| TOP OF THE 7TH |
|
Great Lakes Loons batting - Pitching for Hagerstown Suns : RHP Greg Hall
|
|
Batting: RHB Jonathan Kirsch
|
0-0: Ball 1-0: Ground out 6-3 (Groundball, 4M, EV 85.0 MPH)
|
|
Batting: LHB Jim Jardine
|
0-0: Hit by Pitch
|
|
Batting: RHB Eddie Perry
|
0-0: Called Strike 0-1: Ball 1-1: Ball 2-1: Called Strike 2-2: Ball 3-2: DOUBLE (Line Drive, 9LD, EV 113.1 MPH) Jim Jardine to third
|
|
Batting: LHB Josh Moore
|
0-0: Ball 1-0: Foul Ball, location: 2F 1-1: Foul Ball, location: 2F 1-2: Foul Ball, location: 2F 1-2: Strikes out swinging
|
|
Batting: SHB Danny Jensen
|
0-0: Foul Ball, location: 2F 0-1: Ball 1-1: Ball 2-1: Foul Ball, location: 2F 2-2: Foul Ball, location: 2F 2-2: DOUBLE (Flyball, 78XD, EV 95.0 MPH) Jim Jardine scores Eddie Perry scores
|
|
Batting: SHB Hank Arias
|
0-0: Ball 1-0: Ground out 6-3 (Groundball, 6MS, EV 62.5 MPH)
|
| Top of the 7th over - 2 runs, 2 hits, 0 errors, 1 left on base; Great Lakes 2 - Hagerstown 0 |
| BOTTOM OF THE 7TH |
|
Hagerstown Suns batting - Pitching for Great Lakes Loons : RHP Sergio Quinones
|
|
Now at 2B: Ingidayehu Lagat
|
|
|
Batting: RHB Hun-hyeon Kym
|
0-0: Called Strike 0-1: Called Strike 0-2: Ball 1-2: Foul Ball, location: 7LSF, Error on foul ball, E7 1-2: Strikes out swinging
|
|
Batting: RHB Steve Kunselman
|
0-0: Called Strike 0-1: Foul Ball, location: 2F 0-2: Fly out, F7 (Flyball, 78D, EV 76.9 MPH)
|
|
Batting: RHB Yok-sing Szema
|
0-0: Ball 1-0: Swinging Strike 1-1: Ball 2-1: Fly out, F7 (Flyball, 7LM, EV 103.8 MPH)
|
| Bottom of the 7th over - 0 runs, 0 hits, 1 error, 0 left on base; Great Lakes 2 - Hagerstown 0 |
| TOP OF THE 8TH |
|
Great Lakes Loons batting - Pitching for Hagerstown Suns : RHP Greg Hall
|
|
Batting: LHB Ramon Vega
|
0-0: Ball 1-0: Swinging Strike 1-1: Ball 2-1: Ball 3-1: Foul Ball, location: 2F 3-2: Base on Balls
|
|
Pitching: LHP Gregg Huddleston
|
|
|
Batting: RHB Pablo Lopez
|
0-0: Ball 1-0: Ball 2-0: Bunt missed! 2-1: Sac Bunt to 15S - play at first, batter OUT! 1-3 Ramon Vega to second
|
|
Batting: SHB Josh Vaill
|
0-0: Ground out 4-3 (Groundball, 4, EV 90.0 MPH) Ramon Vega to third
|
|
Batting: RHB Jonathan Kirsch
|
0-0: Intentional Walk
|
|
Batting: RHB Ingidayehu Lagat
|
0-0: Ball 1-0: Called Strike 1-1: Ball 2-1: Ball 3-1: Foul Ball, location: 2F 3-2: Ground out 6-3 (Groundball, 56, EV 88.8 MPH)
|
| Top of the 8th over - 0 runs, 0 hits, 0 errors, 2 left on base; Great Lakes 2 - Hagerstown 0 |
| BOTTOM OF THE 8TH |
|
Hagerstown Suns batting - Pitching for Great Lakes Loons : RHP Sergio Quinones
|
|
Now at 1B: Alex Melgoza
|
|
|
Batting: SHB Fernando Fundora
|
0-0: Called Strike 0-1: Foul Ball, location: 2F 0-2: Foul Ball, location: 2F 0-2: Ball 1-2: Foul Ball, location: 2F 1-2: Foul Ball, location: 2F 1-2: Fly out, F8 (Flyball, 8RD, EV 92.5 MPH)
|
|
Batting: RHB Taffounnout Kame
|
0-0: SOLO HOME RUN (Flyball, 7LD, EV 101.9 MPH), Distance : 387 ft
|
|
Batting: RHB Aaron Bateman
|
0-0: Ball 1-0: SINGLE (Groundball, 6D, EV 96.9 MPH)
|
|
Batting: RHB Pat Scaturro
|
0-0: Called Strike 0-1: Fielders Choice at 2nd, 2-6 (Groundball, 2R, EV 61.2 MPH)
|
|
Batting: RHB Roger Simmons
|
0-0: SINGLE (Groundball, 56D, EV 100.6 MPH) Pat Scaturro to second
|
|
Batting: RHB Rudolph Lentz
|
0-0: Called Strike 0-1: Called Strike 0-2: Strikes out looking
|
| Bottom of the 8th over - 1 run, 3 hits, 0 errors, 2 left on base; Great Lakes 2 - Hagerstown 1 |
| TOP OF THE 9TH |
|
Great Lakes Loons batting - Pitching for Hagerstown Suns : LHP Gregg Huddleston
|
|
Pitching: RHP Jordan Amaker
|
|
|
Batting: RHB Eddie Perry
|
0-0: Ball 1-0: Fly out, F7 (Flyball, 7, EV 98.1 MPH)
|
|
Batting: LHB Josh Moore
|
0-0: Ball 1-0: Foul Ball, location: 2F 1-1: Swinging Strike 1-2: Foul Ball, location: 2F 1-2: Ball 2-2: Ground out 5-3 (Groundball, 25, EV 81.9 MPH)
|
|
Batting: SHB Danny Jensen
|
0-0: Ball 1-0: Ball 2-0: Ground out U3 (Groundball, 34, EV 107.5 MPH)
|
| Top of the 9th over - 0 runs, 0 hits, 0 errors, 0 left on base; Great Lakes 2 - Hagerstown 1 |
| BOTTOM OF THE 9TH |
|
Hagerstown Suns batting - Pitching for Great Lakes Loons : RHP Sergio Quinones
|
|
Pitching: RHP Jared Wisham
|
|
|
Batting: RHB Hun-hyeon Kym
|
0-0: Ball 1-0: Called Strike 1-1: Fly out, F7 (Flyball, 78S, EV 94.4 MPH)
|
|
Batting: RHB Steve Kunselman
|
0-0: Swinging Strike 0-1: Ball 1-1: Called Strike 1-2: Foul Ball, location: 2F 1-2: Strikes out swinging
|
|
Batting: RHB Yok-sing Szema
|
0-0: SINGLE (Groundball, 6M, EV 106.9 MPH) (infield hit)
|
|
Batting: SHB Fernando Fundora
|
0-0: Ball 1-0: Called Strike 1-1: Ground out 4-3 (Groundball, 4, EV 78.8 MPH)
|
| Bottom of the 9th over - 0 runs, 1 hit, 0 errors, 1 left on base; Great Lakes 2 - Hagerstown 1 |
|